 Dungeon Crawl Stone Soup version 0.20-a0-785-g17250f0 (webtiles) character file.

107 nono the Chucker (level 4, 12/23 HPs)
             Began as a Vine Stalker Hunter on Feb 27, 2017.
             Quit the game on level 4 of the Dungeon.
             The game lasted 00:04:44 (568 turns).

nono the Chucker (Vine Stalker Hunter)               Turns: 568, Time: 00:04:45

Health: 12/23      AC:  3    Str: 15    XL:     4   Next: 85%
Magic:  3/5        EV: 12    Int: 11    God:
Gold:   49         SH:  0    Dex: 15    Spells: 3/3 levels left

rFire    + . .     SeeInvis .   q - -3 short sword (curse)
rCold    . . .     Gourm    .   b - +0 leather armour
rNeg     . . .     Faith    .   (no shield)
rPois    .         Spirit   +   (no helmet)
rElec    .         Reflect  .   (no cloak)
rCorr    .         Harm     .   (no gloves)
MR       .....                  (no boots)
Stlth    ++........             (no amulet)
Regen    0.5/turn               (no ring)
MPRegen  0.1/turn               j - ring of protection from fire

@: no status effects
A: fangs 2, regeneration 1, magic shield, antimagic bite, no potion heal 3, rot
immunity
a: no special abilities


You were on level 4 of the Dungeon.
You were not hungry.

You visited 1 branch of the dungeon, and saw 4 of its levels.

You collected 49 gold pieces.

Inventory:

Hand Weapons
 a - a +0 short sword
 q - a cursed -3 short sword (weapon)
Missiles
 c - 4 javelins (quivered)
 i - 4 needles of sleeping
 m - a throwing net
Armour
 b - a +0 leather armour (worn)
Jewellery
 j - a ring of protection from fire (left hand)
Scrolls
 l - a scroll of amnesia
Potions
 d - 2 potions of degeneration {unknown}
 e - a potion of lignification {unknown}
 g - a potion of heal wounds {unknown}
 o - a potion of curing {unknown}
Comestibles
 f - 4 bread rations
 h - 2 meat rations
 n - a royal jelly


   Skills:
 - Level 1.7 Fighting
 + Level 5.5 Throwing
 - Level 1.5 Dodging
 - Level 1.2 Stealth


You had 3 spell levels left.
You didn't know any spells.

Dungeon Overview and Level Annotations

Branches:
Dungeon (4/15)
 Temple: D:4-7

Altars:


Innate Abilities, Weirdness & Mutations

You have extremely sharp teeth.
Your natural rate of healing is unusually fast.
When hurt, damage is shared between your health and your magic reserves.
Your bite disrupts and absorbs the magic of your enemies.
Potions cannot restore your health.
You are immune to rotting.


Message History

an enchanted short sword; 2 tomahawks of returning; a leather armour
q - an enchanted short sword Wield which item (- for none, * to show all)? (? for menu, Esc to quit)
It sticks to your hand!
q - a cursed -3 short sword (weapon)
As you read the scroll labeled KOESCH KOXER, it crumbles to dust.
It is a scroll of identify.
l - a scroll of amnesia
As you read the scroll labeled UCLERCHEANE, it crumbles to dust.
The air around you briefly surges with heat, but it dissipates.
It was a scroll of immolation.
Search for what [? for help]?
Okay, then.
(D) Dungeon
Where to? (? - help)
Okay, then.
Unknown command.
Are you sure you want to abandon this character and quit the game? (Confirm with "yes".)
Okay, then.
Are you sure you want to abandon this character and quit the game? (Confirm with "yes".)

#### ######### #(.
#.......# #.#
#.......######@####
###.#####.##..))...(#
.......##.##.###.##.#
.##.##...(...# #.# .#
#)#####.#### #.. ..
#.).<...# ...#.##
#.####### ##.#.# #.#
.#.# ..# .#.#


There were no monsters in sight!

Vanquished Creatures
  An orc wizard (D:4)
  Terence (D:3)
  2 adders
  A leopard gecko (D:1)
  7 orcs (D:4)
  2 bats
  A giant cockroach (D:1)
  4 goblins
  2 hobgoblins (D:1)
  3 jackals (D:1)
  A frilled lizard (D:3)
  3 kobolds (D:1)
  2 rats (D:1)
30 creatures vanquished.

Notes
Turn   | Place    | Note
-------+----------+-------------------------------------------
     0 | D:1      | nono the Vine Stalker Hunter began the quest for the Orb.
     0 | D:1      | Reached XP level 1. HP: 11/11 MP: 2/2
    63 | D:1      | Reached skill level 4 in Throwing
    63 | D:1      | Reached XP level 2. HP: 10/15 MP: 3/3
   319 | D:2      | Reached XP level 3. HP: 15/18 MP: 2/4
   376 | D:3      | Noticed Terence
   391 | D:3      | Killed Terence
   423 | D:3      | Reached skill level 5 in Throwing
   423 | D:3      | Gained mutation: Your natural rate of healing is unusually fast. [Vine Stalker growth]
   423 | D:3      | Reached XP level 4. HP: 9/23 MP: 1/5
   568 | D:4      | Quit the game

Vault maps used:
D:1:      co_arrival_square_in_a_square_in_a_square, st_stairs_2,
          kennysheep_doodads, minmay_hedge_maze
D:2:      minitemple, first_bread
D:3:      minmay_box_of_dots, uniq_terence
D:4:      lemuel_castle_with_subvaults

Skill      XL: |  1  2  3 |
---------------+----------+-----
Throwing       | 4 5 |  5.5
Fighting       | |  1.7
Dodging        | |  1.5
Stealth        | |  1.2

Action                   |  1- 3 |  4- 6 || total
-------------------------+-------+-------++-------
Melee: Short sword       |    69 |    30 ||    99
       Bite              |    19 |     9 ||    28
Throw: Javelin           |    12 |     8 ||    20
       Throwing net      |     2 |     1 ||     3
  Use: Scroll            |       |     2 ||     2
 Stab: Sleeping          |     1 |       ||     1
       Held in net/web   |     1 |       ||     1
Armor: Leather armour    |    14 |     4 ||    18
Dodge: Dodged            |    44 |    15 ||    59
